 Dungeon Crawl Stone Soup version 0.31.0-11-ge490571c62 (webtiles) character file.

Game seed: 18258123522006023491

90 SmokeWeed the Sneak (level 4, 0/25 HPs)
             Began as a Tengu Enchanter on Jan 29, 2024.
             Killed from afar by Ijyb (7 damage)
             ... with an iceblast
             ... on level 3 of the Dungeon.
             The game lasted 00:03:48 (1525 turns).

SmokeWeed the Sneak (Tengu Enchanter)               Turns: 1525, Time: 00:03:48

Health: 0/25       AC:  8    Str:  8    XL:     4   Next: 56%
Magic:  8/8        EV:  4    Int: 16    God:
Gold:   179        SH:  0    Dex: 16    Spells: 7/7 levels left

rFire   . . .        e - +2 whip (flame)
rCold   . . .        (no shield)
rNeg    . . .        o - +0 chain mail
rPois   .            (helmet restricted)
rElec   .            (no cloak)
rCorr   .            (no gloves)
SInv    .            (boots unavailable)
Will    .....        (no amulet) Stlth
                     (no ring)
HPRegen 0.24/turn    (no ring)
MPRegen 0.11/turn

%: acrobat
@: no status effects
A: beak, talons 3, acrobatic
a: no special abilities


You were on level 3 of the Dungeon.
You visited 1 branch of the dungeon, and saw 3 of its levels.

You collected 179 gold pieces.

Inventory:

Hand Weapons
 a - a +1 dagger
 e - a +2 whip of flaming (weapon)
 f - a +0 mace
Missiles
 d - 4 poisoned darts
 h - 2 atropa-tipped darts (quivered)
Armour
 b - a +0 robe
 k - a +0 plate armour
 o - a +0 chain mail (worn)
Jewellery
 n - a ring of ice
Scrolls
 l - a scroll of fear
Potions
 c - 2 potions of invisibility
 g - a potion of curing
 j - a potion of enlightenment {unknown}


   Skills:
 * Level 1.2 Fighting
 + Level 1.5 Short Blades
 + Level 0.7 Maces & Flails
 * Level 1.5 Armour
 + Level 2.6 Dodging
 + Level 4.2 Stealth
 - Level 2.0 Spellcasting
 - Level 2.2 Hexes


You had 7 spell levels left.
You didn't know any spells.
Your spell library contained the following spells:

 Spells                   Type           Power      Damage    Failure   Level
 Ensorcelled Hibernation  Hex/Ice        10%        N/A       100%        2
 Confusing Touch          Hex            8%         N/A       100%        3
 Dazzling Flash           Conj/Hex       10%        N/A       100%        3
 Passwall                 Erth           1%         N/A       100%        3
 Swiftness                Air            1%         N/A       100%        3
 Tukima's Dance           Hex            8%         N/A       100%        3


Dungeon Overview and Level Annotations

Branches:
Dungeon (3/15)

Altars:

Annotations:
D:3 Ijyb


Innate Abilities, Weirdness & Mutations

You have a beak for a mouth.
You have claws for feet.
You can magically evade attacks while moving or waiting.


Message History

a +0 mace; a +0 scale mail You hit the orc.
You burn the orc. You peck the orc.
You kill the orc!
h - 3 atropa-tipped darts (gained 1)
You now have 179 gold pieces (gained 12).
Things that are here:
a +0 hand axe; an orc corpse
Things that are here:
a +0 mace; a +0 scale mail You see here a +0 ring mail.
Found a stone staircase leading down.
Found a long sword.
Found a stone staircase leading up.
There is a stone staircase leading up here.
You see here a +0 long sword.
There is a stone staircase leading down here.
Done exploring.
Done exploring.
There is a stone staircase leading down here.
You climb downwards.
The hobgoblin shouts!
Found 8 gold pieces, a hand axe and a falchion.
There is a stone staircase leading up here.
Ijyb the Twisted Goblin comes into view.
She is wielding a +0 club and carrying a wand of iceblast.
Ijyb shouts!
Found a robe.
The hobgoblin hits you but does no damage.
Ijyb zaps a wand.
The mass of ice explodes!
The iceblast engulfs the hobgoblin!
The hobgoblin dies!
The iceblast engulfs you!!
Ouch! That really hurt!
* * * LOW HITPOINT WARNING * * *
Throw: 3 darts (atropa)
Press: ? - help, Q - select action, (/) - cycle Shift-Dir - straight line, f - Ijyb
Aim: Ijyb, wielding a +0 club, wearing a +0 ring mail and carrying a wand of iceblast (52% to hit, chance to blind on hit: 83%)
You throw an atropa-tipped dart. The atropa-tipped dart hits Ijyb.
Ijyb appears confused.
Ijyb seems less confused.
Ijyb screams, "No!
No, no, no, no!"
Ijyb zaps a wand.
The mass of ice explodes!
The iceblast engulfs you!
You die...

.# ######.####
...........
..........
##$g.)...).
##........#
.###...†.....#
.......@.....#
####.........#
....#...#####[#
... ##<## . #.#
#.# ..# .## .#


You could see Ijyb (blind, unable to see you).

Vanquished Creatures
  An orc priest (D:2)
  2 adders (D:2)
  A dart slug (D:1)
  2 orcs (D:2)
  6 bats
  7 endoplasms
  2 giant cockroaches
  2 goblins (D:2)
  2 jackals (D:2)
  2 quokkas (D:2)
  5 ball pythons
  3 frilled lizards
  A kobold (D:1)
  4 rats
40 creatures vanquished.

Vanquished Creatures (others)
  A hobgoblin (D:3)
1 creature vanquished.

Grand Total: 41 creatures vanquished

Notes
Turn   | Place    | Note
-------+----------+-------------------------------------------
     0 | D:1      | SmokeWeed the Tengu Enchanter began the quest for the Orb.
     0 | D:1      | Reached XP level 1. HP: 10/10 MP: 4/4
   146 | D:1      | Reached XP level 2. HP: 15/15 MP: 6/6
   759 | D:2      | Reached XP level 3. HP: 14/19 MP: 7/7
   792 | D:2      | Reached skill level 1 in Armour
  1066 | D:2      | Reached skill level 4 in Stealth
  1084 | D:2      | Reached skill level 1 in Fighting
  1260 | D:2      | Reached XP level 4. HP: 25/25 MP: 8/8
  1286 | D:2      | HP: 1/25 [orc/+0 mace (5)]
  1522 | D:3      | Noticed Ijyb
  1525 | D:3      | Killed from afar by Ijyb

Illustrated notes

Levels and vault maps discovered:
D:1:      denvon_arrival_waterhouse, layout_loops_cross, minivault_11,
          minmay_gold_behind_fungi
D:2:      cheibrodos_pilgrimage, layout_loops_ring, kennysheep_generic_room_7
D:3:      layout_loops_ring, nicolae_ashenzari_panopticon, uniq_ijyb

Skill      XL: |  1  2  3 |
---------------+----------+-----
Armour         | 1 |  1.5
Stealth        | 4 |  4.2
Fighting       | 1 |  1.2
Short Blades   | |  1.5
Maces & Flails | |  0.7
Dodging        | |  2.6
Spellcasting   | |  2.0
Hexes          | |  2.2

Action                     |  1- 3 |  4- 6 || total
---------------------------+-------+-------++-------
  Melee: Dagger            |    27 |       ||    27
         Kick              |    17 |     6 ||    23
         Peck              |    11 |     3 ||    14
         Mace              |    43 |    13 ||    56
         Punch             |     1 |       ||     1
         Whip              |       |     1 ||     1
  Throw: Dart              |       |     2 ||     2
    Use: Scroll            |     5 |       ||     5
         Potion            |       |     1 ||     1
   Stab: Sleeping          |     6 |       ||     6
         Distracted        |     1 |       ||     1
 Armour: Robe              |    20 |       ||    20
         Plate armour      |    18 |       ||    18
         Chain mail        |     3 |    21 ||    24
  Dodge: Dodged            |    38 |     3 ||    41
